 Dungeon Crawl Stone Soup version 0.14-a0-426-gb52781e (webtiles) character file.

154 PolkaDot the Ruinous (level 4, -8/30 HPs)
             Began as a Vampire Conjurer on Oct 28, 2013.
             Mangled by Zuul's ghost (13 damage)
             ... on Level 3 of the Dungeon.
             The game lasted 00:10:10 (1975 turns).

PolkaDot the Ruinous (Vampire Conjurer)             Turns: 1975, Time: 00:10:11

HP  -8/30        AC  2     Str 12      XL: 4   Next: 20%
MP   9/9         EV 12     Int 23      God:
Gold 73          SH  0     Dex 14      Spells:  2 memorised,  4 levels left

Res.Fire  : . . .   See Invis. : +   e - +0 dagger
Res.Cold  : . . .   Warding    : .   a - +0 robe
Life Prot.: . . .   Conserve   : .   (no shield)
Res.Poison: .       Res.Corr.  : .   (no helmet)
Res.Elec. : .       Clarity    : .   (no cloak)
Sust.Abil.: . .     Spirit.Shd : .   (no gloves)
Res.Mut.  : .       Stasis     : .   (no boots)
Res.Rott. : .       Flight     : .   (no amulet)
Saprovore : . . .                    (no ring)
                                     (no ring)

@: regenerating very quickly, mighty, brilliant, slightly resistant to hostile
enchantments, stealthy
A: fangs 3, see invisible, unbreathing
a: no special abilities


You were on level 3 of the Dungeon.
You were almost alive.

You visited 1 branch of the dungeon, and saw 3 of its levels.

You collected 53 gold pieces.

Inventory:

Hand weapons
 e - a +0,+0 dagger (weapon)
Armour
 a - a +0 robe (worn)
Magical devices
 l - a wand of confusion (13) {unknown}
Scrolls
 b - a scroll of recharging {unknown}
 g - a scroll of fear {unknown}
 i - a scroll of enchant weapon I {unknown}
 k - 2 scrolls of remove curse {unknown}
 m - a scroll of identify {unknown}
 n - 2 scrolls of amnesia {unknown}
 o - a scroll of fog {unknown}
Potions
 d - 3 potions of brilliance
Books
 c - a book of Conjurations

   Spells                             Type                      Level
   *Magic Dart                        Conjuration                  1
   *Searing Ray                       Conjuration                  2
   Dazzling Spray                     Conjuration/Hexes            3
   Iskenderun's Mystic Blast          Conjuration                  4
   Iskenderun's Battlesphere          Conjuration/Charms           4
   Fulminant Prism                    Conjuration/Hexes            5


   Skills:
 - Level 2.1 Dodging
 - Level 3.0 Stealth
 + Level 2.1 Spellcasting
 * Level 3.9 Conjurations


You had 4 spell levels left.
You knew the following spells:

 Your Spells              Type           Power        Failure   Level  Hunger
a - Magic Dart            Conj           ####         1%          1    None
s - Searing Ray           Conj           ####..       1%          2    ##.....


Dungeon Overview and Level Annotations

Branches:
Dungeon (3/27)

Altars:

Annotations:
D:3 Zuul's ghost, average DsNe


Innate Abilities, Weirdness & Mutations

Your natural rate of healing is extremely fast.
You have razor-sharp teeth.*
You have supernaturally acute eyesight.
You can survive without breathing.*


Message History

Zuul's ghost is severely damaged.
Zuul's ghost hits you.
The searing ray hits Zuul's ghost.
Zuul's ghost is severely damaged.
Zuul's ghost misses you.
Without enough magic to sustain it, your searing ray dissipates.
Zuul's ghost misses you.
Drink which item? (? for menu, Esc to quit)
You feel more clever all of a sudden.
It was a potion of brilliance.
Zuul's ghost hits you.
Drink which item? (? for menu, Esc to quit)
Yummy - fresh blood!
Zuul's ghost hits you!
* * * LOW HITPOINT WARNING * * *
Drink which item? (? for menu, Esc to quit)
You feel very mighty all of a sudden.
It was a potion of might.
Zuul's ghost closely misses you.
Drink which item? (? for menu, Esc to quit)
Magic courses through your body.
It was a potion of magic.
Zuul's ghost hits you!
You die...

. ........#.. ..
............ <.
............
.###........#...
................ ..
##......###.#.#... ...
#.............#..( ....##
#.......###.#.#...
...p...###@......##........
.........p#+########.#.####
..........#.............###
...........................
.......................#..
......#................#..
....###................#..
... #...........##...#.. .
#...........##...#..


You could see Zuul's ghost.

Vanquished Creatures
  2 adders (D:2)
  A giant mite (D:1)
  An inept item mimic (D:3)
  A giant gecko (D:3)
  3 orcs (D:3)
  6 bats
  2 giant cockroaches
  4 goblins
  4 hobgoblins
  5 jackals
  6 kobolds
  A quokka (D:2)
  4 giant newts
  8 rats
48 creatures vanquished.

Notes
Turn   | Place    | Note
--------------------------------------------------------------
     0 | D:1      | PolkaDot, the Vampire Conjurer, began the quest for the Orb.
     0 | D:1      | Reached XP level 1. HP: 13/13 MP: 4/4
   431 | D:1      | Reached XP level 2. HP: 19/19 MP: 0/5
   754 | D:1      | Learned a level 2 spell: Searing Ray
   952 | D:2      | Reached XP level 3. HP: 24/24 MP: 4/7
  1763 | D:3      | Reached XP level 4. HP: 30/30 MP: 2/9
  1957 | D:3      | Noticed Zuul's ghost (average DsNe)
  1975 | D:3      | Mangled by Zuul's ghost

Action                   |  1- 3 |  4- 6 || total
-------------------------+-------+-------++-------
Melee: Dagger            |    15 |       ||    15
       Unarmed           |     3 |       ||     3
 Cast: Magic Dart        |    91 |     6 ||    97
       Searing Ray       |     1 |     3 ||     4
  Use: Potion            |     1 |     4 ||     5
